MLB
NEW YORK YANKEES @ BOSTON RED SOX
10/01/2098
 
TOP OF THE 1ST
New York Yankees batting - Pitching for Boston Red Sox : RHP Colin Marko
Pitching: RHP Colin Marko
Batting: LHB John Blair 0-0: Ball
1-0: Ball
2-0: Ball
3-0: Called Strike
3-1: SOLO HOME RUN (Flyball, 9LD, EV 95.0 MPH), Distance : 333 ft
Batting: SHB Seth Hardenbrook 0-0: Ball
1-0: Ball
2-0: Foul Ball, location: 3F
2-1: Foul Ball, location: 25FF
2-2: Strikes out swinging
Batting: RHB Brandon Thomas 0-0: Ball
1-0: Foul Ball, location: 9LDF
1-1: Foul Ball, location: 7LDF
1-2: Ball
2-2: Strikes out swinging
Batting: LHB Bill Hayden 0-0: Ball
1-0: Called Strike
1-1: Ball
2-1: Called Strike
2-2: Foul Ball, location: 5F
2-2: Foul Ball, location: 7LDF
2-2: Foul Ball, location: 7LMF
2-2: Ball
3-2: Foul Ball, location: 23F
3-2: Fly out, F7 (Flyball, 78S, EV 98.1 MPH)
Top of the 1st over - 1 run, 1 hit, 0 errors, 0 left on base; New York 1 - Boston 0
BOTTOM OF THE 1ST
Boston Red Sox batting - Pitching for New York Yankees : RHP Josh Morgan
Pitching: RHP Josh Morgan
Batting: RHB Zane Wilder 0-0: Ball
1-0: Called Strike
1-1: Ball
2-1: Called Strike
2-2: Ball
3-2: Strikes out looking
Batting: LHB Michael Lindstrom 0-0: Called Strike
0-1: Swinging Strike
0-2: Ball
1-2: Ball
2-2: Strikes out looking
Batting: SHB Alex Salazar 0-0: Ball
1-0: Fly out, F8 (Flyball, 8LM, EV 97.5 MPH)
Bottom of the 1st over - 0 runs, 0 hits, 0 errors, 0 left on base; New York 1 - Boston 0
TOP OF THE 2ND
New York Yankees batting - Pitching for Boston Red Sox : RHP Colin Marko
Batting: RHB Zach Sterling 0-0: Ground out 1-3 (Groundball, 34S, EV 66.3 MPH)
Batting: LHB Ryan McCullough 0-0: Called Strike
0-1: Ball
1-1: SINGLE (Groundball, P, EV 86.9 MPH) (infield hit)
Batting: RHB Aaron Comeaux 0-0: Called Strike
0-1: Foul Ball, location: 5FF
0-2: Ball
1-2: Foul Ball, location: 7LSF
1-2: Strikes out swinging
Batting: SHB Chris Clark 0-0: Swinging Strike
0-1: Foul Ball, location: 2F
0-2: Ball
1-2: Strikes out swinging
Top of the 2nd over - 0 runs, 1 hit, 0 errors, 1 left on base; New York 1 - Boston 0
BOTTOM OF THE 2ND
Boston Red Sox batting - Pitching for New York Yankees : RHP Josh Morgan
Batting: RHB Joe Fowler 0-0: Ball
1-0: Ball
2-0: Foul Ball, location: 9LDF
2-1: Foul Ball, location: 3SF
2-2: Strikes out swinging
Batting: SHB Tyler Den Hartog 0-0: Called Strike
0-1: Foul Ball, location: 2F
0-2: Ball
1-2: Strikes out swinging
Batting: LHB Chris Kautz 0-0: Ball
1-0: Ground out 4-3 (Groundball, 4, EV 83.1 MPH)
Bottom of the 2nd over - 0 runs, 0 hits, 0 errors, 0 left on base; New York 1 - Boston 0
TOP OF THE 3RD
New York Yankees batting - Pitching for Boston Red Sox : RHP Colin Marko
Batting: RHB Robby Junker 0-0: Ball
1-0: Called Strike
1-1: Ground out 4-3 (Groundball, 4, EV 86.9 MPH)
Batting: LHB John Blair 0-0: Swinging Strike
0-1: Called Strike
0-2: Ball
1-2: Ball
2-2: Ball
3-2: Foul Ball, location: 2F
3-2: Fly out, F8 (Flyball, 8LM, EV 93.8 MPH)
Batting: SHB Seth Hardenbrook 0-0: Called Strike
0-1: Ball
1-1: SOLO HOME RUN (Flyball, 8RXD, EV 108.1 MPH), Distance : 432 ft
Batting: RHB Brandon Thomas 0-0: Ball
1-0: Ball
2-0: Ball
3-0: Fly out, F8 (Flyball, 8RM, EV 88.8 MPH)
Top of the 3rd over - 1 run, 1 hit, 0 errors, 0 left on base; New York 2 - Boston 0
BOTTOM OF THE 3RD
Boston Red Sox batting - Pitching for New York Yankees : RHP Josh Morgan
Batting: LHB Sergio Mejia 0-0: Ball
1-0: DOUBLE (Line Drive, 7LD, EV 105.6 MPH)
Batting: RHB Nate Campbell 0-0: SINGLE (Groundball, 6MD, EV 95.0 MPH)
Sergio Mejia to third
Batting: LHB Justin Scappaticci 0-0: Fielders Choice at 2nd, 3-6 (Groundball, 34S, EV 85.6 MPH)
Sergio Mejia scores
Batting: RHB Zane Wilder 0-0: Ball
1-0: Ball
2-0: Foul Ball, location: 5FF
2-1: Ball
3-1: Called Strike
3-2: Strikes out swinging
Batting: LHB Michael Lindstrom 0-0: Fly out, F3 (Popup, 34S, EV 84.4 MPH)
Bottom of the 3rd over - 1 run, 2 hits, 0 errors, 1 left on base; New York 2 - Boston 1
TOP OF THE 4TH
New York Yankees batting - Pitching for Boston Red Sox : RHP Colin Marko
Batting: LHB Bill Hayden 0-0: Ball
1-0: Called Strike
1-1: Called Strike
1-2: Ball
2-2: Strikes out looking
Batting: RHB Zach Sterling 0-0: Ball
1-0: Called Strike
1-1: Ball
2-1: Ball
3-1: Called Strike
3-2: Strikes out swinging
Batting: LHB Ryan McCullough 0-0: Foul Ball, location: 2F
0-1: Ball
1-1: Swinging Strike
1-2: Ball
2-2: Strikes out looking
Top of the 4th over - 0 runs, 0 hits, 0 errors, 0 left on base; New York 2 - Boston 1
BOTTOM OF THE 4TH
Boston Red Sox batting - Pitching for New York Yankees : RHP Josh Morgan
Batting: SHB Alex Salazar 0-0: Fly out, F8 (Flyball, 78M, EV 95.6 MPH)
Batting: RHB Joe Fowler 0-0: Ball
1-0: DOUBLE (Flyball, 7LD, EV 110.6 MPH)
Batting: SHB Tyler Den Hartog 0-0: Foul Ball, location: 25F
0-1: Foul Ball, location: 5DF
0-2: DOUBLE (Line Drive, 89D, EV 106.9 MPH)
Joe Fowler scores
Batting: LHB Chris Kautz 0-0: Called Strike
0-1: Foul Ball, location: 7LMF
0-2: Ball
1-2: Ball
2-2: Ball
3-2: Ground out U3 (Groundball, 34, EV 85.6 MPH)
Tyler Den Hartog to third
Batting: LHB Sergio Mejia 0-0: SINGLE (Line Drive, 7S, EV 100.0 MPH)
Tyler Den Hartog scores
Batting: RHB Nate Campbell 0-0: Called Strike
Pickoff Throw to First - Out! 1-3
Bottom of the 4th over - 2 runs, 3 hits, 0 errors, 0 left on base; New York 2 - Boston 3
TOP OF THE 5TH
New York Yankees batting - Pitching for Boston Red Sox : RHP Colin Marko
Batting: RHB Aaron Comeaux 0-0: Ball
1-0: Called Strike
1-1: Ball
2-1: Ball
3-1: Base on Balls
Batting: SHB Chris Clark 0-0: Called Strike
0-1: Ball
1-1: Fly out, F9 (Flyball, 8RM, EV 81.3 MPH)
Batting: RHB Robby Junker 0-0: Grounds into double play, 4-6-3 (Groundball, 34, EV 86.9 MPH)
Top of the 5th over - 0 runs, 0 hits, 0 errors, 0 left on base; New York 2 - Boston 3
BOTTOM OF THE 5TH
Boston Red Sox batting - Pitching for New York Yankees : RHP Josh Morgan
Batting: RHB Nate Campbell 0-0: Ground out 3-1 (Groundball, 34, EV 93.1 MPH)
Batting: LHB Justin Scappaticci 0-0: Ball
1-0: Called Strike
1-1: Ball
2-1: Ball
3-1: Base on Balls
Batting: RHB Zane Wilder 0-0: SINGLE (Groundball, 4, EV 85.0 MPH) (infield hit)
Justin Scappaticci to second
Batting: LHB Michael Lindstrom 0-0: Called Strike
0-1: Foul Ball, location: 2F
0-2: Ball
1-2: Fielders Choice at 2nd, 6-4 (Groundball, 6MD, EV 101.9 MPH)
Justin Scappaticci to third
Batting: SHB Alex Salazar 0-0: Called Strike
0-1: Foul Ball, location: 7LSF
0-2: Foul Ball, location: 23F
0-2: SINGLE (Flyball, 89S, EV 88.1 MPH)
Justin Scappaticci scores
Michael Lindstrom to second
Runner from 2nd tries for 3rd, SAFE, throw by RF made to third
Batting: RHB Joe Fowler 0-0: Ball
1-0: Ball
2-0: Foul Ball, location: 2F
2-1: Fly out, F9 (Flyball, 89D, EV 96.9 MPH)
Bottom of the 5th over - 1 run, 2 hits, 0 errors, 2 left on base; New York 2 - Boston 4
TOP OF THE 6TH
New York Yankees batting - Pitching for Boston Red Sox : RHP Colin Marko
Pitching: LHP Joe Carver
Batting: LHB John Blair 0-0: Ball
1-0: Called Strike
1-1: Ball
2-1: Foul Ball, location: 7LSF
2-2: Ball
3-2: Foul Ball, location: 2F
3-2: Base on Balls
Batting: SHB Seth Hardenbrook 0-0: Fielders Choice at 2nd, 1-6 (Groundball, 13S, EV 69.4 MPH)
Batting: RHB Brandon Thomas 0-0: Fielders Choice at 2nd, 6-4 (Groundball, 6, EV 77.5 MPH)
Pinch Hitting: RHB Cedric Tracy 0-0: Ball
1-0: Ball
2-0: SINGLE (Line Drive, 4MD, EV 98.8 MPH)
Brandon Thomas to second
Batting: RHB Zach Sterling 0-0: Ball
1-0: Called Strike
1-1: Ball
2-1: Foul Ball, location: 2F
2-2: Fly out, F8 (Flyball, 8LD, EV 88.8 MPH)
Top of the 6th over - 0 runs, 1 hit, 0 errors, 2 left on base; New York 2 - Boston 4
BOTTOM OF THE 6TH
Boston Red Sox batting - Pitching for New York Yankees : RHP Josh Morgan
Now in RF: Carlos Jeronimo
Batting: SHB Tyler Den Hartog 0-0: Foul Ball, location: 2F
0-1: Ball
1-1: Ball
2-1: Ball
3-1: Fly out, F1 (Popup, P, EV 82.5 MPH)
Batting: LHB Chris Kautz 0-0: Called Strike
0-1: Ball
1-1: Ball
2-1: Ball
3-1: Called Strike
3-2: Base on Balls
Batting: LHB Sergio Mejia 0-0: Called Strike
0-1: Fly out, F6 (Popup, 6M, EV 76.9 MPH)
Batting: RHB Nate Campbell 0-0: Called Strike
0-1: Foul Ball, location: 9LDF
0-2: Ball
1-2: Ball
2-2: Ball
3-2: Foul Ball, location: 23F
3-2: Fly out, F3 (Popup, 3F, EV 76.9 MPH)
Bottom of the 6th over - 0 runs, 0 hits, 0 errors, 1 left on base; New York 2 - Boston 4
TOP OF THE 7TH
New York Yankees batting - Pitching for Boston Red Sox : LHP Joe Carver
Now at 3B: Pieter Janssen
Batting: LHB Ryan McCullough 0-0: SINGLE (Line Drive, 7LS, EV 108.1 MPH)
Batting: RHB Aaron Comeaux 0-0: Ball
1-0: SINGLE (Groundball, 6MD, EV 98.1 MPH)
Ryan McCullough to second
Batting: SHB Chris Clark 0-0: Fly out, F9 (Flyball, 9LM, EV 91.9 MPH)
Runner from 2nd tags up, SAFE at 3rd, no throw by RF
Batting: RHB Robby Junker 0-0: Called Strike
0-1: Ball
1-1: Foul Ball, location: 3SF
1-2: Strikes out swinging
Pinch Hitting: RHB Matt Foulds 0-0: Ball
1-0: Ground out 4-3 (Groundball, 4, EV 81.9 MPH)
Top of the 7th over - 0 runs, 2 hits, 0 errors, 2 left on base; New York 2 - Boston 4
BOTTOM OF THE 7TH
Boston Red Sox batting - Pitching for New York Yankees : RHP Josh Morgan
Now at 1B: Matt Foulds
Batting: LHB Justin Scappaticci 0-0: Ball
1-0: Ground out 6-3 (Groundball, 6, EV 86.9 MPH)
Batting: RHB Zane Wilder 0-0: Ball
1-0: Ball
2-0: Swinging Strike
2-1: Ground out 3-1 (Groundball, 34, EV 98.8 MPH)
Batting: LHB Michael Lindstrom 0-0: Ball
1-0: Ball
2-0: Ball
3-0: Base on Balls
Batting: SHB Alex Salazar 0-0: Called Strike
0-1: 2-RUN HOME RUN (Flyball, 7D, EV 101.3 MPH), Distance : 398 ft
Pitching: RHP Luis Ramos
Batting: RHB Joe Fowler 0-0: Swinging Strike
0-1: Ball
1-1: Called Strike
1-2: Foul Ball, location: 2F
1-2: Fly out, F3 (Popup, 23F, EV 76.3 MPH)
Bottom of the 7th over - 2 runs, 1 hit, 0 errors, 0 left on base; New York 2 - Boston 6
TOP OF THE 8TH
New York Yankees batting - Pitching for Boston Red Sox : LHP Joe Carver
Batting: SHB Seth Hardenbrook 0-0: Called Strike
0-1: Called Strike
0-2: Ball
1-2: Strikes out swinging
Batting: RHB Brandon Thomas 0-0: Swinging Strike
0-1: Called Strike
0-2: Ball
1-2: Ball
2-2: Foul Ball, location: 2F
2-2: Foul Ball, location: 2F
2-2: Strikes out swinging
Batting: RHB Carlos Jeronimo 0-0: Fly out, F7 (Flyball, 78M, EV 86.3 MPH)
Top of the 8th over - 0 runs, 0 hits, 0 errors, 0 left on base; New York 2 - Boston 6
BOTTOM OF THE 8TH
Boston Red Sox batting - Pitching for New York Yankees : RHP Luis Ramos
Batting: RHB Pieter Janssen 0-0: Ball
1-0: Called Strike
1-1: Ball
2-1: Called Strike
2-2: Ball
3-2: SINGLE (Groundball, 4MD, EV 110.6 MPH)
Batting: LHB Chris Kautz 0-0: Ball
1-0: Called Strike
1-1: Ball
2-1: Ball
3-1: Called Strike
3-2: Ground out U3 (Groundball, 3S, EV 68.1 MPH)
Pieter Janssen to second
Batting: LHB Sergio Mejia 0-0: Ball
1-0: Called Strike
1-1: Called Strike
1-2: Foul Ball, location: 2F
1-2: Ground out 4-3 (Groundball, 4, EV 85.6 MPH)
Pieter Janssen to third
Batting: RHB Nate Campbell 0-0: Ball
1-0: Ball
2-0: Ball
3-0: Called Strike
3-1: Base on Balls
Batting: LHB Justin Scappaticci 0-0: Foul Ball, location: 2F
0-1: DOUBLE (Line Drive, 89XD, EV 100.6 MPH)
Pieter Janssen scores
Nate Campbell to third
Batting: RHB Zane Wilder 0-0: Ball
1-0: Foul Ball, location: 2RF
1-1: Ball
2-1: Foul Ball, location: 2F
2-2: Strikes out swinging
Bottom of the 8th over - 1 run, 2 hits, 0 errors, 2 left on base; New York 2 - Boston 7
TOP OF THE 9TH
New York Yankees batting - Pitching for Boston Red Sox : LHP Joe Carver
Pitching: RHP Edgar Pereira
Batting: RHB Zach Sterling 0-0: Ball
1-0: Ground out 1-3 (Groundball, P, EV 72.5 MPH)
Batting: LHB Ryan McCullough 0-0: Ball
1-0: Ball
2-0: Fly out, F3 (Popup, 3F, EV 61.9 MPH)
Batting: RHB Aaron Comeaux 0-0: Ball
1-0: Fly out, F7 (Line Drive, 78M, EV 91.9 MPH)
Top of the 9th over - 0 runs, 0 hits, 0 errors, 0 left on base; New York 2 - Boston 7
Tuesday, April 16th , 2024 - OOTP Baseball 24.11 Build 85